AoeStats
← Death_Rider

Black Forest

509118692Analyzed
2v2 RM · 8d ago on Sep 25, 2026· 44m 9s· 4 players
Game mode
Random Map
Map size
Medium (4 player)
Population
200
Speed
Normal
Resources
Standard
Victory
Conquest
Starting age
Dark Age
Ending age
Imperial Age
RankedLock teamsTeams togetherTeam positionsShared explorationLock speedFull tech treeHidden civsTurbo modeCheats
Victory
Defeat
🇿🇦 Persians · South Africa
1112
+8
🇨🇴 Bohemians · Colombia
1023
+12
🇩🇪 Burgundians · Germany
933
-10
🇫🇷 Persians · France
925
-10
OMAR101226
0:35 Loom
14:06 Feudal Age
14:36 Double-Bit Axe
14:33 Horse Collar
21:09 Castle Age
22:51 Bow Saw
23:23 Heavy Plow
25:18 Chemistry
25:45 Ballistics
27:17 Wheelbarrow
28:44 Hand Cart
34:05 Imperial Age
36:11 Pikeman
36:51 Squires
36:36 Arson
37:18 Halberdier
40:30 Houfnice
41:39 Elite Hussite Wagon
42:25 Wagenburg Tactics
42:26 Hussite Reforms
sam4liverpool
0:54 Loom
10:57 Feudal Age
14:49 Castle Age
13:04 Double-Bit Axe
16:47 Wheelbarrow
16:36 Bow Saw
17:30 Horse Collar
22:41 Heavy Plow
23:13 Gold Mining
23:15 Stone Mining
26:22 Hand Cart
25:52 Town Watch
30:54 Imperial Age
28:55 Forging
28:36 Fletching
30:26 Husbandry
30:36 Bloodlines
30:34 Cavalier
31:52 Iron Casting
31:22 Scale Barding Armor
31:28 Scale Barding Armor
32:04 Gold Shaft Mining
32:05 Stone Shaft Mining
32:07 Savar
33:52 Chain Barding Armor
34:41 Blast Furnace
35:55 Plate Barding Armor
42:40 Citadels
42:51 Conscription
42:31 Kamandaran
44:13 Chemistry
43:34 Ballistics
Death_Rider
10:10 Feudal Age
8:42 Double-Bit Axe
10:18 Horse Collar
11:11 Bow Saw
11:34 Heavy Plow
18:30 Castle Age
18:53 Caravan
20:50 Two-Man Saw
20:38 Town Watch
21:16 Loom
24:00 Wheelbarrow
25:25 Crop Rotation
25:54 Forging
26:42 Gold Mining
30:37 Imperial Age
28:47 Scale Barding Armor
29:44 Gold Shaft Mining
29:52 Iron Casting
29:33 Stone Mining
30:01 Husbandry
31:06 Stone Shaft Mining
30:02 Cavalier
30:42 Onager
32:42 Hand Cart
33:48 Chain Barding Armor
33:58 Conscription
35:59 Blast Furnace
35:19 Paladin
36:36 Burgundian Vineyards
38:39 Plate Barding Armor
40:31 Hoardings
39:24 Pikeman
40:51 Squires
40:29 Halberdier
41:13 Scale Mail Armor
41:04 Fletching
41:41 Ballistics
42:45 Chain Mail Armor
42:25 Bodkin Arrow
BillyBat
0:48 Loom
11:46 Feudal Age
13:17 Wheelbarrow
18:42 Castle Age
16:54 Horse Collar
17:02 Double-Bit Axe
18:30 Gold Mining
19:28 Heavy Plow
24:16 Gold Shaft Mining
23:59 Bow Saw
24:28 Hand Cart
30:19 Imperial Age
28:38 Forging
28:35 Scale Barding Armor
29:55 Stone Mining
31:01 Ballistics
32:20 Chemistry
33:37 Iron Casting
34:16 Chain Barding Armor
37:20 Blast Furnace
36:20 Scale Mail Armor
35:54 Pikeman
Connection lost

Rejoining the realm…

Still unreachable

The connection could not be restored.

Session expired

The server has moved on; the page needs a fresh start.